 Dungeon Crawl Stone Soup version 0.18-a0-1243-g9e52518 (webtiles) character file.

703 M4edhros the Sneak (level 7, -6/43 HPs)
             Began as an Octopode Artificer on Feb 6, 2016.
             Killed from afar by Sigmund (9 damage)
             ... with a magic dart
             ... on level 6 of the Dungeon.
             The game lasted 00:09:08 (4832 turns).

M4edhros the Sneak (Octopode Artificer)             Turns: 4832, Time: 00:09:09

Health: -6/43      AC:  1    Str: 10      XL:     7   Next: 66%
Magic:  10/10      EV: 14    Int: 15 (16) God:    Xom [......]
Gold:   253        SH:  0    Dex: 13      Spells: 0 memorised, 6 levels left

rFire  . . .     SeeInvis .     k - +3 battleaxe (freeze) (curse)
rCold  . . .     Gourm    .     (shield currently unavailable)
rNeg   . . .     Faith    .     (helmet restricted)
rPois  .         Spirit   .     q - amulet of dismissal (curse)
rElec  .         Dismiss  +     t - ring of stealth
rCorr  .         Reflect  .     G - ring of flight
SustAt .         Harm     .     (no ring)
MR     .....                    (no ring)
Stlth  ++++++....               (no ring)
                                (no ring)
                                (no ring)
                                (no ring)

@: not resistant to hostile enchantments, very stealthy
A: almost no armour, amphibious, 8 rings, constrict 8, camouflage 1, gelatinous
body 1
a: Renounce Religion, Evoke Flight


You were on level 6 of the Dungeon.
You worshipped Xom.
You were a very special plaything of Xom.
You were not hungry.

You visited 1 branch of the dungeon, and saw 6 of its levels.

You collected 253 gold pieces.

Inventory:

Hand Weapons
 a - a +0 short sword
 k - a cursed +3 battleaxe of freezing (weapon)
 w - a +0 blowgun
Missiles
 e - 171 stones (quivered)
 o - 34 sling bullets
 x - 28 poisoned needles
Jewellery
 n - an uncursed amulet of magic regeneration
 q - a cursed amulet of dismissal (around mantle)
 t - a ring of stealth (left tentacle)
 G - a ring of flight (right tentacle)
Wands
 b - a wand of flame (12/48)
 c - a wand of enslavement (7/24)
 d - a wand of random effects (24/48)
 y - a wand of polymorph (16/24)
 C - a wand of flame (29/48)
Scrolls
 g - 5 scrolls of identify
 i - 2 scrolls of enchant weapon
 p - 2 scrolls of fear {unknown}
 u - 2 scrolls of teleportation
 v - 3 scrolls of recharging
 F - a scroll of amnesia {unknown}
Potions
 h - a potion of brilliance
 j - a potion of poison
 l - a potion of might
 m - a potion of heal wounds {unknown}
 z - a potion of agility {unknown}
 A - a potion of ambrosia {unknown}
 D - 2 potions of invisibility {unknown}
 E - 2 potions of cure mutation {unknown}
Comestibles
 f - 4 bread rations
 r - 2 meat rations
 s - a slice of pizza
 B - a royal jelly


   Skills:
 - Level 1.0 Fighting
 - Level 1.0 Short Blades
 * Level 5.6 Dodging
 * Level 7.1 Stealth
 + Level 5.1 Evocations


You had 6 spell levels left.
You didn't know any spells.

Dungeon Overview and Level Annotations

Branches:
Dungeon (6/15)
 Temple: D:4-7

Altars:
Cheibriados
Kikubaaqudgha
Makhleb
Ru
Sif Muna
Trog
Xom
Yredelemnul
Zin
The Shining One

Annotations:
D:3 Grinder
D:6 Sigmund


Innate Abilities, Weirdness & Mutations

You cannot wear most types of armour.
You are amphibious.
You can wear up to eight rings at the same time.
You can use your tentacles to constrict eight enemies at once.
Your skin changes colour to match your surroundings (Stealth).
Your rubbery body absorbs attacks (AC +1).


Message History

You slash the giant frog skeleton! You constrict Sigmund.
The giant frog skeleton hits you.
* * * LOW HITPOINT WARNING * * *
Sigmund barely misses you.
The giant frog skeleton barely misses you.
The orc priest closely misses you.
An orc comes into view. It is wielding a flail.
Drink which item? (? for menu, Esc to quit)
Okay, then.
Evoke which item? (* to show all) (? for menu, Esc to quit)
Zapping:
c - a wand of enslavement (8/24)
Press: ? - help, Shift-Dir - straight line, f - giant frog skeleton
Aim: a giant frog skeleton (chance to defeat MR: 84%)
The orc priest is charmed.
This wand has 7 charges left.
You constrict Sigmund. The giant frog skeleton hits you!
* * * LOW HITPOINT WARNING * * *
Sigmund gestures at you while chanting. The magic dart hits you!
You die...
Xom cackles wildly!

#########
#........ #
##........ #.
#.<.......
#..
##......##
#...##......#
#...........#
#....Z@.....#
#...##@o....#
####
.........
#o##+###.# #>
.# #. #. #.


You could see Sigmund, an orc, a giant frog skeleton and a friendly orc priest.

Vanquished Creatures
  Purgy (D:3)
  An ogre (D:4)
  2 crimson imps (D:5)
  2 giant frog skeletons (D:4)
  An orc wizard (D:5)
  Terence (D:2)
  2 gnolls (D:4)
  3 worker ants
  Robin (D:3)
  6 adders
  2 worms
  4 giant geckos
  4 orcs
  2 ball pythons
  14 bats
  7 giant cockroaches
  2 gnoll zombies (D:5)
  16 goblins
  8 hobgoblins
  8 jackals
  3 quokkas
  A giant gecko skeleton (D:4)
  7 giant newts
  9 kobolds
  A quokka zombie (D:5)
  11 rats
119 creatures vanquished.

Vanquished Creatures (collateral kills)
  A wight (D:4)
  A jackal (D:4)
2 creatures vanquished.

Vanquished Creatures (others)
  2 wights (D:4)
  2 gnolls (D:4)
4 creatures vanquished.

Grand Total: 125 creatures vanquished

Notes
Turn   | Place    | Note
--------------------------------------------------------------
     0 | D:1      | M4edhros the Octopode Artificer began the quest for the Orb.
     0 | D:1      | Reached XP level 1. HP: 13/13 MP: 3/3
    42 | D:1      | Reached XP level 2. HP: 11/18 MP: 4/4
   279 | D:1      | Reached XP level 3. HP: 19/23 MP: 5/5
   444 | D:2      | Noticed Terence
   452 | D:2      | Killed Terence
   452 | D:2      | Reached XP level 4. HP: 10/28 MP: 6/6
   838 | D:3      | Noticed Grinder
   964 | D:3      | Noticed Robin
  2214 | D:3      | Reached skill level 4 in Stealth
  2214 | D:3      | Reached XP level 5. HP: 33/33 MP: 7/7
  2341 | D:3      | Noticed Purgy
  2379 | D:3      | Killed Purgy
  2379 | D:3      | Reached skill level 5 in Stealth
  2379 | D:3      | Reached XP level 6. HP: 24/38 MP: 9/9
  2647 | D:3      | Killed Robin
  3398 | D:4      | HP: 1/38 [giant frog skeleton (1)]
  3542 | D:4      | Found a deep blue altar of Sif Muna.
  3543 | D:4      | Found a snail-covered altar of Cheibriados.
  3543 | D:4      | Found a glowing silver altar of Zin.
  3544 | D:4      | Found a bloodstained altar of Trog.
  3544 | D:4      | Found a burning altar of Makhleb.
  3547 | D:4      | Reached skill level 5 in Dodging
  3547 | D:4      | Reached skill level 6 in Stealth
  3547 | D:4      | Reached XP level 7. HP: 21/43 MP: 10/10
  3548 | D:4      | Found a glowing golden altar of the Shining One.
  3548 | D:4      | Found a shimmering altar of Xom.
  3549 | D:4      | Found an ancient bone altar of Kikubaaqudgha.
  3580 | D:4      | Became a worshipper of Xom of Chaos
  3990 | D:4      | Reached skill level 5 in Evocations
  4224 | D:5      | Entered Level 5 of the Dungeon
  4241 | D:5      | XOM: divination: magic mapping
  4325 | D:5      | XOM: butterfly on damage
  4370 | D:5      | XOM: harmless Tloc miscast
  4410 | D:5      | Found a sacrificial altar of Ru.
  4709 | D:5      | Reached skill level 7 in Stealth
  4729 | D:5      | Found a basalt altar of Yredelemnul.
  4773 | D:5      | XOM: divination: detect creatures
  4824 | D:5      | XOM: stat loss: -1 Int (15/16)
  4825 | D:6      | Noticed Sigmund
  4832 | D:6      | Killed from afar by Sigmund

Vault maps used:
D:1:      lightli_arrival_farm
D:2:      supply_closet_lemuel, uniq_terence
D:3:      first_bread, minmay_distorted, uniq_robin, uniq_grinder, uniq_purgy
D:4:      grunt_temple_overflow_open, portal_sewer_entry_b
D:5:      lemuel_zombie_altar_yredelemnul, lemuel_doored_altar
D:6:      basic_altar, serial_shops, shop, uniq_pikel, uniq_sigmund

Action                   |  1- 3 |  4- 6 |  7- 9 || total
-------------------------+-------+-------+-------++-------
Melee: Short sword       |    46 |    26 |       ||    72
       Hunting sling     |       |    38 |       ||    38
       Battleaxe         |       |       |    45 ||    45
 Fire: Hunting sling     |       |   156 |       ||   156
Evoke: Wand              |     3 |    22 |     3 ||    28
  Use: Scroll            |       |     3 |     1 ||     4
       Potion            |       |    10 |       ||    10
 Stab: Sleeping          |     3 |     4 |     7 ||    14
       Distracted        |       |       |     1 ||     1
  Eat: Bread ration      |       |     1 |       ||     1
       Chunk             |       |     3 |     5 ||     8
